 Dungeon Crawl Stone Soup version 0.25-a0-435-g4b9beb1024 (webtiles) character file.

Game seed: 9618000397824711738, levelgen mode: deterministic

172 ReteAZ the Magician (level 5, -5/35 HPs)
             Began as a Mummy Fire Elementalist on Jan 26, 2020.
             Slain by a scorpion (8 damage)
             ... on level 4 of the Dungeon.
             The game lasted 00:06:48 (2736 turns).

ReteAZ the Magician (Mummy Fire Elementalist)       Turns: 2736, Time: 00:06:49

Health: -5/35      AC:  2    Str: 11    XL:     5   Next: 27%
Magic:  4/10       EV: 11    Int: 16    God:
Gold:   29         SH:  3    Dex: 12    Spells: 10/11 levels left

rFire    x . .     SeeInvis .   g - +0 whip
rCold    + . .     Gourm    .   h - +0 buckler
rNeg     + + +     Faith    .   a - +0 robe
rPois    ∞         Spirit   .   (no helmet)
rElec    .         Reflect  .   (no cloak)
rCorr    .         Harm     .   (no gloves)
MR       .....                  (no boots)
Stlth    ++........             j - amulet of the acrobat
HPRegen  0.11/turn              (no ring)
MPRegen  0.12/turn              (no ring)

@: very slightly contaminated
A: no food or potions, fire vulnerability, cold resistance 1, negative energy
resistance 3, torment resistance, unbreathing
a: no special abilities


You were on level 4 of the Dungeon.
You were not hungry.

You visited 1 branch of the dungeon, and saw 4 of its levels.

You collected 29 gold pieces.

Inventory:

Hand Weapons
 g - a +0 whip (weapon)
Armour
 a - a +0 robe (worn)
 b - a +0 ring mail
 h - a +0 buckler (worn)
Jewellery
 j - an amulet of the acrobat (around neck)
Scrolls
 c - 2 scrolls of identify {unknown}
 d - a scroll of magic mapping {unknown}
 f - a scroll of teleportation {unknown}
 i - a scroll of enchant armour {unknown}
 k - a scroll of random uselessness {unknown}
 l - a scroll of remove curse {unknown}


   Skills:
 - Level 1.5 Dodging
 - Level 1.5 Stealth
 + Level 1.3 Shields
 + Level 3.8 Spellcasting
 + Level 2.0 Conjurations
 * Level 3.7 Fire Magic


You had 10 spell levels left.
You knew the following spells:

 Your Spells              Type           Power        Failure   Level  Hunger
a - Foxfire               Conj/Fire      ##..         8%          1    N/A

Your spell library contained the following spells:

 Spells                   Type           Power        Failure   Level  Hunger
 Conjure Flame            Conj/Fire      ##......     22%         3    N/A
 Inner Flame              Hex/Fire       #.......     32%         3    N/A
 Sticky Flame             Conj/Fire      ##......     58%         4    N/A
 Fireball                 Conj/Fire      ##........   90%         5    N/A

Dungeon Overview and Level Annotations

Branches:
Dungeon (4/15)
 Temple: D:4-7

Altars:
Ru


Innate Abilities, Weirdness & Mutations

You do not eat or drink.
Your flesh is vulnerable to fire.
You are immune to poison.
Your flesh is cold resistant. (rC+)
You are immune to negative energy. (rN+++)
You are immune to unholy pain and torment.
You can survive without breathing.


Message History

The foxfire hits the scorpion.
The scorpion is moderately wounded.
The scorpion closely misses you.
Casting: Foxfire (safe; 8% risk of failure)
Confirm with . or Enter, or press ? or * to list all spells.
You miscast Foxfire.
You are very lightly contaminated with residual magic.
Your bandages flutter.
The foxfire hits the scorpion.
The scorpion is moderately wounded.
The foxfire hits the scorpion.
The scorpion is heavily wounded.
You block the scorpion's attack.
Casting: Foxfire (safe; 8% risk of failure)
Confirm with . or Enter, or press ? or * to list all spells.
You miscast Foxfire.
Nothing appears to happen.
The scorpion misses you.
Casting: Foxfire (safe; 8% risk of failure)
Confirm with . or Enter, or press ? or * to list all spells.
You miscast Foxfire.
Wisps of smoke drift from your hands. The scorpion stings you!
You die...

..# ##.# ...
##.## # #...#
# #.#...###
.##
#...<...#...##
#....s........
#.....@.#...#
#.#.[.### ##
#.#...# #
#####


You could see a scorpion.

Vanquished Creatures
  2 orc priests (D:3)
  Natasha (D:2)
  3 adders
  A worm (D:2)
  2 dart slugs
  5 orcs (D:3)
  A ball python (D:1)
  2 giant cockroaches
  6 goblins
  3 hobgoblins
  6 jackals
  3 quokkas (D:2)
  4 bats
  A frilled lizard (D:1)
  5 kobolds
  5 rats
50 creatures vanquished.

Vanquished Creatures (others)
  182 foxfires
182 creatures vanquished.

Grand Total: 232 creatures vanquished

Notes
Turn   | Place    | Note
-------+----------+-------------------------------------------
     0 | D:1      | ReteAZ the Mummy Fire Elementalist began the quest for the
                  | Orb.
     0 | D:1      | Reached XP level 1. HP: 13/13 MP: 4/4
   147 | D:1      | Reached skill level 1 in Conjurations
   319 | D:1      | Reached XP level 2. HP: 18/19 MP: 0/5
   965 | D:2      | Reached XP level 3. HP: 24/24 MP: 2/7
  1667 | D:2      | Noticed Natasha
  1823 | D:2      | Found a sacrificial altar of Ru.
  2225 | D:3      | Reached XP level 4. HP: 30/30 MP: 3/9
  2321 | D:2      | Killed Natasha
  2416 | D:3      | Reached skill level 1 in Shields
  2516 | D:3      | Reached XP level 5. HP: 23/35 MP: 5/10
  2736 | D:4      | Slain by a scorpion

Levels and vault maps discovered:
D:1:      ebering_hopf_link, layout_basic
D:2:      layout_basic, nicolae_ru_the_path_less_chosen, first_ration,
          uniq_natasha
D:3:      layout_basic, tgw_trog, nicolae_dithmenos_through_a_glass_darkly
D:4:      layout_loops_ring, nicolae_overflow_hidden_temple,
          portal_sewer_entry_d, serial_shops, kennysheep_mini_moat, shop, shop,
          shop_statue, nicolae_shop_temple_entry_statues_fountains, uniq_sigmund

Skill      XL: |  1  2  3  4  5 |
---------------+----------------+-----
Conjurations   | 1 2 |  2.0
Spellcasting   | 3 |  3.8
Fire Magic     | 3 |  3.7
Shields        | 1 |  1.3
Dodging        | |  1.5
Stealth        | |  1.5

Action                   |  1- 3 |  4- 6 || total
-------------------------+-------+-------++-------
Melee: Unarmed           |    16 |       ||    16
       Club              |     3 |       ||     3
       Whip              |    19 |    10 ||    29
 Cast: Foxfire           |    80 |    34 ||   114
Armor: Robe              |    10 |     4 ||    14
Dodge: Dodged            |    41 |    13 ||    54
Block: Buckler           |     4 |     2 ||     6

Table legend:
 A = Non-vault XP
 B = Vault XP
 C = Vault XP percentage of total XP
 D = Non-vault monster count
 E = Vault monster count
 F = Vault count percentage of total count
                 A         B        C        D         E       F
            +---------+---------+-------+---------+---------+-------
      Total |     212 |      35 |  14.2 |      49 |       1 |   2.0
            +---------+---------+-------+---------+---------+-------
        D:1 |      31 |       0 |   0.0 |      18 |       0 |   0.0
        D:2 |      63 |      35 |  35.7 |      19 |       1 |   5.0
        D:3 |     118 |       0 |   0.0 |      12 |       0 |   0.0
            +---------+---------+-------+---------+---------+-------
